 Dungeon Crawl Stone Soup version 0.31-a0-544-gceb718ecc6 (webtiles) character file.

Game seed: 9403961619366581685

4575 heikuro the Cleaver (level 10, -2/79 HPs)
             Began as a Formicid Fighter on Aug 15, 2023.
             Was a High Priest of Okawaru.
             Hit by a javelin thrown by a centaur (4 damage)
             ... in a bailey.
             The game lasted 00:18:32 (6631 turns).

heikuro the Cleaver (Formicid Fighter)              Turns: 6631, Time: 00:18:33

Health: -2/79      AC: 17    Str: 27    XL:     10   Next: 68%
Magic:  13/15      EV: 14    Int: 19    God:    Okawaru [*****.]
Gold:   410        SH:  7    Dex: 13    Spells: 9/9 levels left

rFire   . . .        b - +6 whip "Beetlebane" {drain, rPois Str+3 Int+4}
rCold   . . .        c - +0 buckler
rNeg    . . .        p - +0 plate armour
rPois   +            (helmet unavailable)
rElec   .            (no cloak)
rCorr   .            (no gloves)
SInv    +            w - +0 pair of boots
Will    +....        (no amulet) Stlth
                     s - +5 ring of evasion
HPRegen 0.33/turn    y - +6 ring of intelligence
MPRegen 0.14/turn

%: no passive effects
@: heroic
A: permanent stasis, dig shafts and tunnels, antennae 3, four strong arms
a: Dig, Renounce Religion, Heroism, Finesse, Duel


You were in a bailey.
You worshipped Okawaru.
Okawaru was extremely pleased with you.
You visited 1 branch of the dungeon, and saw 9 of its levels.
You also visited: Bailey.

You collected 410 gold pieces.

Inventory:

Hand Weapons
 a - a +4 broad axe of flaming
 b - the +6 whip "Beetlebane" (weapon) {drain, rPois Str+3 Int+4}
   (You found it on level 2 of the Dungeon)

   Str+3:     It affects your strength (+3).
   Int+4:     It affects your intelligence (+4).
   rPois:     It protects you from poison
 A - a +0 trident
 B - a +3 trident
Missiles
 g - a throwing net
 j - 4 darts of dispersal
Armour
 c - a +0 buckler (worn)
 p - a +0 plate armour (worn)
 w - a +0 pair of boots (worn)
Jewellery
 s - a +5 ring of evasion (left hand)
 y - a +6 ring of intelligence (right hand)
Wands
 x - a wand of iceblast (10)
Scrolls
 e - 2 scrolls of noise {unknown}
 f - 4 scrolls of teleportation {unknown}
 h - 2 scrolls of poison {unknown}
 k - 2 scrolls of immolation {unknown}
 l - 8 scrolls of identify
 n - a scroll of enchant armour {unknown}
 o - a scroll of fear {unknown}
 q - a scroll of vulnerability {unknown}
 v - a scroll of fog {unknown}
Potions
 d - a potion of might
 i - a potion of heal wounds
 m - 2 potions of resistance
 r - a potion of invisibility
 t - 2 potions of curing
 u - a potion of lignification {unknown}
 z - a potion of enlightenment {unknown}


   Skills:
 + Level 7.5(12.5) Fighting
 * Level 9.0(14.0) Axes
 + Level 7.5(12.5) Armour
 + Level 8.9(13.9) Shields
 + Level 6.8 Invocations


You had 9 spell levels left.
You didn't know any spells.
Your spell library contained the following spells:

 Spells                   Type           Power      Damage    Failure   Level
 Freeze                   Ice            0%         1d3       86%         1
 Shock                    Conj/Air       0%         1d3       86%         1
 Sting                    Tmut/Pois      0%         1d3       86%         1
 Poisonous Vapours        Pois/Air       0%         N/A       95%         2
 Frozen Ramparts          Ice            0%         1d1       99%         3
 Hailstorm                Conj/Ice       0%         3d3       99%         3
 Airstrike                Air            0%         2d(0-16)  100%        4
 Olgreb's Toxic Radiance  Pois           0%         N/A       100%        4
 Swiftness                Air            Unusable   N/A       N/A         3

Dungeon Overview and Level Annotations

Branches:
Dungeon (9/15)             Bailey (1/1)
 Temple: D:4-7         Lair: D:8-11         Orc: D:9-12

Altars:
Cheibriados
Elyvilon
Fedhas
Gozag
Okawaru
Ru
Trog
Uskayaw
Yredelemnul
Zin

Annotations:
D:5 1 runed translucent door, Fodor's ghost, novice MiFi
D:6 Jeremiah


Innate Abilities, Weirdness & Mutations

You cannot be hasted, slowed, berserked, paralysed or teleported.
You can dig through walls and to a lower floor.
You have a pair of large antennae on your head. (SInv)
Your four strong arms can wield two-handed weapons with a shield.


Message History

Unknown command.
Things that are here:
a +0 halberd; a +0 ring mail; an orc corpse An orc comes into view.
It is wielding a +0 trident.
The orc shouts!
The centaur throws a javelin.
The javelin barely misses you.
An orc comes into view. It is wielding a +0 spear.
The orc shouts!
You block the centaur's attack.
The orc hits you from afar with a +0 spear.
The orc misses you.
The centaur hits you but does no damage.
You block the orc's attack.
The centaur throws a javelin.
The javelin pierces through you!
* * * LOW HITPOINT WARNING * * *
The orc barely misses you. Why would you want to do that?
The orc hits you but does no damage. You block the centaur's attack.
You block the centaur's attack.
The centaur throws a javelin.
The javelin pierces through you but does no damage.
The centaur throws a javelin.
The javelin pierces through you but does no damage.
The centaur throws a javelin.
The javelin barely misses you.
The centaur throws a javelin.
The javelin pierces through you but does no damage.
The centaur throws a javelin.
The javelin completely misses you.
The centaur throws a javelin.
The javelin pierces through you.
* * * LOW HITPOINT WARNING * * *
The centaur throws a javelin.
The javelin pierces through you.
* * * LOW HITPOINT WARNING * * *
Why would you want to do that?
The centaur throws a javelin.
The javelin pierces through you.
* * * LOW HITPOINT WARNING * * *
You gain the combat prowess of a mighty hero.
The centaur throws a javelin.
The javelin pierces through you!
* * * LOW HITPOINT WARNING * * *
The centaur throws a javelin.
The javelin pierces through you.
You die...

#########
##≈≈≈≈≈≈≈##
##≈≈≈$.$≈≈≈##
####≈≈⌠$...$⌠≈≈####
#≈≈≈≈.........≈≈≈≈#
#......≈≈≈≈≈......#
#.....≈≈...≈≈.....#
+..≈.≈≈.≈.≈.≈≈.≈..+
#.≈≈@≈.≈≈.≈≈[≈.≈≈.#
#o≈.≈≈.≈...≈.≈≈.≈.#
#o≈.≈.≈≈...≈≈.≈.≈.#
#.≈.≈o≈.⌠∩⌠.≈.≈.≈.#
#c≈c≈.≈..∩..≈.≈.≈.#
#.≈o≈o≈.⌠∩⌠.≈.≈.≈.#
{#.≈.≈.≈≈...≈≈.≈.≈.#
#o≈.≈≈.≈...≈[≈≈.≈.#
#.≈≈.≈.≈≈≈≈≈)≈.≈≈.#{


You could see 2 centaurs and 6 orcs.

Vanquished Creatures
  Erica (D:8)
  Maggie (D:7)
  The ghost of randomguy2701 the Stinger, an amateur OpVM (D:4)
  A wraith (D:9)
  Sigmund (D:2)
  3 vampire mosquitoes (D:9)
  A steam dragon (D:7)
  3 ice beasts
  A sky beast (D:4)
  2 black bears (D:5)
  4 ogres
  3 centaurs
  5 phantoms
  A kobold brigand (D:7)
  3 bullfrogs
  A gnoll sergeant (D:6)
  2 scorpions (D:5)
  4 wights (D:6)
  A howler monkey (D:7)
  2 orc priests (D:9)
  4 hounds
  A jelly (D:4)
  3 iguanas
  An iron imp (D:4)
  4 orc wizards
  Robin (D:4)
  3 gnolls (D:6)
  11 adders
  An ufetubus (D:5)
  3 worms
  A dart slug (D:4)
  9 orcs
  8 ball pythons
  5 endoplasms
  7 giant cockroaches
  16 goblins
  13 hobgoblins
  4 jackals (D:1)
  9 kobolds
  4 quokkas
  5 bats
  4 frilled lizards
  4 rats
162 creatures vanquished.

Vanquished Creatures (others)
  An orc wizard (D:9)
  5 kobolds (D:7)
6 creatures vanquished.

Grand Total: 168 creatures vanquished

Notes
Turn   | Place    | Note
-------+----------+-------------------------------------------
     0 | D:1      | heikuro the Formicid Fighter began the quest for the Orb.
     0 | D:1      | Reached XP level 1. HP: 18/18 MP: 1/1
    99 | D:1      | Reached XP level 2. HP: 24/24 MP: 2/2
   210 | D:1      | Found a faded altar of an unknown god.
   220 | D:1      | Got Plato's Handbook of Changes
   230 | D:1      | Prayed at the altar of an unknown god.
   230 | D:1      | Became a worshipper of Warmaster Okawaru
   230 | D:1      | Reached * piety under Okawaru
   239 | D:1      | Reached XP level 3. HP: 29/29 MP: 3/3
   971 | D:2      | Noticed Sigmund
   981 | D:2      | Killed Sigmund
   981 | D:2      | Reached ** piety under Okawaru
   982 | D:2      | Reached skill level 3 in Axes
   982 | D:2      | Reached skill level 1 in Invocations
   982 | D:2      | Reached XP level 4. HP: 37/37 MP: 3/5
   982 | D:2      | Reached XP level 5. HP: 42/42 MP: 3/6
   982 | D:2      | Reached XP level 6. HP: 48/48 MP: 3/7
  1072 | D:2      | Reached skill level 5 in Shields
  1554 | D:2      | Identified the +6 whip "Beetlebane" {drain, rPois Str+3
                  | Int+4}
  1642 | D:2      | Reached skill level 4 in Axes
  2581 | D:4      | Found a sacrificial altar of Ru.
  2640 | D:4      | Found an opulent altar of Gozag.
  2641 | D:4      | Found a runed translucent gate.
  2641 | D:4      | Found a runed translucent gate.
  2641 | D:4      | Found a runed translucent gate.
  2645 | D:4      | Noticed a sky beast
  2646 | D:4      | Noticed randomguy2701's ghost (amateur OpVM)
  2991 | D:4      | Found a white marble altar of Elyvilon.
  3017 | D:4      | Reached XP level 7. HP: 47/55 MP: 8/8
  3261 | D:4      | Reached *** piety under Okawaru
  3358 | D:4      | Reached skill level 5 in Axes
  3437 | D:4      | Found a snail-covered altar of Cheibriados.
  3536 | D:4      | Noticed Robin
  3561 | D:4      | Killed Robin
  4020 | D:5      | Entered Level 5 of the Dungeon
  4140 | D:5      | Reached XP level 8. HP: 58/61 MP: 10/10
  4176 | D:5      | Reached skill level 5 in Fighting
  4176 | D:5      | Reached skill level 5 in Armour
  4221 | D:5      | Found a basalt altar of Yredelemnul.
  4435 | D:5      | Reached skill level 6 in Axes
  4529 | D:5      | Found a bloodstained altar of Trog.
  4615 | D:5      | Reached **** piety under Okawaru
  4659 | D:5      | Reached XP level 9. HP: 69/69 MP: 12/12
  4741 | D:5      | Found a runed translucent door.
  4742 | D:5      | Noticed Fodor's ghost (novice MiFi)
  4964 | D:6      | Reached skill level 7 in Axes
  4964 | D:6      | Reached skill level 5 in Invocations
  5073 | D:5      | Found a glowing silver altar of Zin.
  5099 | D:6      | Reached ***** piety under Okawaru
  5187 | D:4      | Killed randomguy2701's ghost
  5286 | D:6      | Found a hide-covered altar of Uskayaw.
  5288 | D:6      | Noticed a +0 dagger
  5288 | D:6      | Noticed a +0 hand axe
  5293 | D:6      | Received a gift from Okawaru
  5307 | D:6      | Noticed Jeremiah
  5400 | D:6      | You fall into a shaft and drop 3 floors!
  5658 | D:9      | Reached skill level 8 in Axes
  5658 | D:9      | Reached XP level 10. HP: 32/77 MP: 14/14
  5802 | D:9      | Found a blossoming altar of Fedhas.
  5861 | D:9      | Found an iron altar of Okawaru.
  6210 | D:8      | Noticed Erica
  6218 | D:8      | Killed Erica
  6498 | D:7      | Noticed Maggie
  6517 | D:7      | Killed Maggie
  6528 | D:7      | Found a flagged portal.
  6541 | D:7      | Reached skill level 9 in Axes
  6575 | Bailey   | Entered a bailey
  6631 | Bailey   | HP: 2/79 [centaur/javelin (11)]
  6631 | Bailey   | Hit by a javelin thrown by a centaur

Illustrated notes

Levels and vault maps discovered:
D:1:      arrival_zaba_pyramid, layout_basic,
          shapermc_ecumenical_altar_rom_forum
D:2:      layout_loops_cross, uniq_sigmund
D:3:      layout_loops_corners
D:4:      minmay_bubble_buster, layout_layer_cave,
          mainiacjoe_overflow_tiny_flanked, elyvilon_altar_4, slow_altar_1,
          ebering_ghost_gozag, minmay_statues_item, uniq_robin
D:5:      layout_basic, kennysheep_mini, yredelemnul_altar_generic,
          nicolae_overflow_hidden_temple, ebering_ghost_reflecting_pool
D:6:      cheibrodos_steamvent, layout_loops_ring, nzn_hepliaklqana_mist_gate,
          dancing_weapons_uskayaw, minmay_temple_entry_trees, uniq_jeremiah
D:7:      old_forge, layout_loops_ring, lemuel_coloured_pillars_altar,
          enter_bailey_6, chequers_jeans, minmay_fire_ice_demons, uniq_maggie
D:8:      layout_loops_ring, gammafunk_ghost_cemetery, uniq_erica
D:9:      layout_irregular_city, fedhas_bush_and_centaur_altar,
          mainiacjoe_overflow_paths, david_orc_4
Bailey:   bailey_polearm_flooded_kennysheep, bailey

Skill      XL: |  1  2  3  4  5  6  7  8  9 10 |
---------------+-------------------------------+-----
Fighting       | 4 5 6 7 |  7.5
Axes           | 3 4 5 6 8 9 |  9.0
Armour         | 4 5 6 7 |  7.5
Invocations    | 1 2 3 4 5 6 |  6.8
Shields        | 5 6 8 |  8.9

Action                     |  1- 3 |  4- 6 |  7- 9 | 10-12 || total
---------------------------+-------+-------+-------+-------++-------
  Melee: War axe           |    89 |    50 |    12 |       ||   151
         Whip              |       |    50 |   277 |    96 ||   423
         Broad axe         |       |       |     7 |       ||     7
 Invoke: Heroism           |       |       |     1 |     3 ||     4
Ability: Dig               |       |     1 |     1 |       ||     2
         Shaft Self        |       |       |     1 |       ||     1
    Use: Scroll            |       |     1 |     5 |       ||     6
         Potion            |       |       |       |     1 ||     1
 Armour: Scale mail        |    28 |       |       |       ||    28
         Chain mail        |    24 |    29 |       |       ||    53
         Plate armour      |       |    14 |   123 |    46 ||   183
  Dodge: Dodged            |    50 |    27 |   175 |    62 ||   314
  Block: Buckler           |    25 |    13 |    74 |    31 ||   143

Table legend: (Time is in decaauts)
 A = Elapsed time spent in this place.
 B = Non-inter-level travel time spent in this place.
 C = Inter-level travel time spent in this place.
 D = Time resting spent in this place.
 E = Time spent auto-exploring this place.
 F = Levels seen in this place.
 G = Mean time per level.
                   A        B        C        D        E       F      G
               +--------+--------+--------+--------+--------+-----+--------+
         Total |   6638 |   6411 |    227 |    744 |   3953 |  10 |  663.8 |
       Dungeon |   6584 |   6357 |    227 |    744 |   3953 |   9 |  731.6 |
        Bailey |     54 |     54 |      0 |      0 |      0 |   1 |   54.0 |
               +--------+--------+--------+--------+--------+-----+--------+

Top non-repeatable levels by time:
     D:4: 1668 daAuts
     D:2: 928 daAuts
     D:1: 902 daAuts
     D:5: 896 daAuts
     D:9: 784 daAuts
     D:3: 711 daAuts
     D:6: 336 daAuts
     D:8: 271 daAuts
     D:7: 85 daAuts
  Bailey: 54 daAuts
